 Dungeon Crawl Stone Soup version 0.22.1-2-g9c5b331 (webtiles) character file.

82 Gearfox the Skirmisher (level 4, 42/42 HPs)
             Began as a Draconian Fighter on Nov 28, 2018.
             Quit the game on level 2 of the Dungeon.
             The game lasted 00:05:58 (1659 turns).

Gearfox the Skirmisher (Draconian Fighter)          Turns: 1659, Time: 00:05:59

Health: 42/42      AC:  5    Str: 19    XL:     4   Next: 21%
Magic:  4/4        EV: 10    Int:  9    God:
Gold:   76         SH:  9    Dex: 10    Spells: 3/3 levels left

rFire    . . .     SeeInvis .   a - +0 long sword
rCold    . . .     Gourm    .   b - +0 shield
rNeg     . . .     Faith    .   (armour unavailable)
rPois    .         Spirit   .   (helmet restricted)
rElec    .         Reflect  .   (no cloak)
rCorr    .         Harm     .   (no gloves)
MR       .....                  (no boots)
Stlth    +.........             (no amulet)
HPRegen  0.14/turn              (no ring)
MPRegen  0.09/turn              (no ring)

@: no status effects
A: unfitting armour, cold-blooded, AC +5
a: no special abilities


You were on level 2 of the Dungeon.
You were hungry.

You visited 1 branch of the dungeon, and saw 2 of its levels.

You collected 76 gold pieces.

Inventory:

Hand Weapons
 a - a +0 long sword (weapon)
Armour
 b - a +0 shield (worn)
Scrolls
 e - a scroll of identify
 g - 2 scrolls of teleportation {unknown}
 h - a scroll of noise {unknown}
 i - a scroll of fear {unknown}
Potions
 c - a potion of might
 f - 2 potions of curing
Comestibles
 d - 6 rations
 j - 2 chunks of flesh


   Skills:
 * Level 5.6 Fighting
 - Level 2.0 Long Blades
 - Level 2.6 Dodging
 - Level 3.0 Shields


You had 3 spell levels left.
You didn't know any spells.
Your spell library was empty.

Dungeon Overview and Level Annotations

Branches:
Dungeon (2/15)

Altars:


Innate Abilities, Weirdness & Mutations

Your plain brown scales are hard. (AC +5)
You cannot fit into any form of body armour.
You are cold-blooded and may be slowed by cold attacks.


Message History

The quokka is moderately wounded.
You block the quokka's attack.
You barely miss the quokka.
The quokka is moderately wounded.
You block the quokka's attack. x2
You hit the quokka.
The quokka is severely wounded.
The quokka barely misses you.
The quokka bites you but does no damage.
You hit the quokka.
You kill the quokka!
You see here a quokka corpse.
You butcher the quokka corpse.
j - 2 chunks of flesh You see here a quokka skeleton.
Found 20 stones.
You see here 20 stones.
You are feeling hungry.
Found a stone staircase leading up.
Are you sure you want to abandon this character and quit the game? (Confirm

##.# #....... #..#
####### ##.......
##.####.....####....#...
#...##...(........#...#.
##.######.#.#.###.#####.
### #.#...# #.# #..
#######.##.####.####..
#....##.##.###........
#...@............##.#
##.............#.##.#
#.####.##.###.##.##.#
#.. #.##.###.##.##.#
#.#.####.##.#......##.#
<............#.).......#
...
..#.######........... ##
### #........###
#........# #


There were no monsters in sight!

Vanquished Creatures
  Natasha (twice) (D:2)
  A worm (D:2)
  A leopard gecko (D:1)
  A bat (D:1)
  2 giant cockroaches
  9 goblins
  4 hobgoblins (D:1)
  A quokka (D:2)
  A frilled lizard (D:1)
  4 kobolds
  A rat (D:1)
27 creatures vanquished.

Notes
Turn   | Place    | Note
-------+----------+-------------------------------------------
     0 | D:1      | Gearfox the Draconian Fighter began the quest for the Orb.
     0 | D:1      | Reached XP level 1. HP: 19/19 MP: 1/1
   288 | D:1      | Reached XP level 2. HP: 24/27 MP: 2/2
   298 | D:1      | Reached skill level 4 in Fighting
  1259 | D:2      | Noticed Natasha
  1267 | D:2      | Killed Natasha
  1267 | D:2      | Reached skill level 5 in Fighting
  1267 | D:2      | Reached XP level 3. HP: 11/36 MP: 3/3
  1325 | D:2      | Noticed Natasha
  1365 | D:2      | Killed Natasha
  1365 | D:2      | Reached XP level 4. HP: 27/42 MP: 4/4
  1659 | D:2      | Quit the game

Skill      XL: |  1  2 |
---------------+-------+-----
Fighting       | 5 |  5.6
Long Blades    | |  2.0
Dodging        | |  2.6
Shields        | |  3.0

Action                   |  1- 3 |  4- 6 || total
-------------------------+-------+-------++-------
Melee: Long sword        |    76 |    15 ||    91
       Tailslap          |     8 |     3 ||    11
  Use: Scroll            |     1 |       ||     1
  Eat: Chunk             |     1 |     1 ||     2
Armor: Skin              |    20 |     5 ||    25
Dodge: Dodged            |    35 |     4 ||    39
Block: Shield            |    30 |     6 ||    36
       Rpst.: Long sword |     9 |       ||     9
